 Dungeon Crawl Stone Soup version 0.29.0-11-gd7f09526c8 (webtiles) character file.

Game seed: 16491159344094097967

52 greasedhog the Cudgeller (level 4, -1/40 HPs)
             Began as a Meteoran Berserker on Sept 6, 2022.
             Was a Follower of Trog.
             Slain by a river rat (5 damage)
             ... on level 3 of the Dungeon.
             The game lasted 00:02:16 (471 turns).

greasedhog the Cudgeller (Meteoran Berserker)        Turns: 471, Time: 00:02:17

Health: -1/40      AC:  5    Str: 20    XL:     4   Next: 29%
Magic:  5/5        EV: 11    Int:  9    God:    Trog [*.....]
Gold:   35         SH:  0    Dex: 13    Spells: 3/3 levels left

rFire   . . .      SeeInvis .   b - +0 flail
rCold   . . .      Faith    .   (no shield)
rNeg    . . .      Spirit   .   c - +0 ring mail
rPois   .          Reflect  .   (no helmet)
rElec   .          Harm     .   (no cloak)
rCorr   .          Rampage  .   (no gloves)
Will    .....                   (no boots)
Stlth   +.........              (no amulet)
HPRegen 0.13/turn               (no ring)
MPRegen 0.09/turn               (no ring)

@: glowing
A: sense surroundings 1, otherworldly, glowing, explore regen
a: Renounce Religion, Berserk


You were on level 3 of the Dungeon.
You worshipped Trog.
Trog was aware of your devotion.
You visited 1 branch of the dungeon, and saw 3 of its levels.

You collected 35 gold pieces.

Inventory:

Hand Weapons
 b - a +0 flail (weapon)
Armour
 c - a +0 ring mail (worn)
Wands
 e - a wand of light (11)
Scrolls
 g - a scroll of noise {unknown}
 h - a scroll of enchant weapon {unknown}
Potions
 a - a potion of mutation {unknown}
 d - 2 potions of heal wounds
 f - a potion of might {unknown}


   Skills:
 * Level 4.3 Fighting
 * Level 5.2 Maces & Flails
 - Level 2.4 Armour
 - Level 2.4 Dodging


You had 3 spell levels left.
You didn't know any spells.
Your spell library was empty.

Dungeon Overview and Level Annotations

Branches:
Dungeon (3/15) Zot: 1315

Altars:


Innate Abilities, Weirdness & Mutations

You passively map a small area around you.
You are easily found by Zot.
You glow in the dark.
You regain HP and MP as you explore.


Message History

The ball python bites you. The ball python closely misses you.
You hit the ball python.
You kill the ball python!
Trog accepts your kill.
You barely miss the rat. You closely miss the river rat.
You hit the river rat but do no damage. The river rat closely misses you.
You completely miss the river rat. The rat bites you but does no damage.
The river rat closely misses you.
You completely miss the river rat. The rat bites you but does no damage.
The river rat bites you.
You closely miss the river rat. The rat misses you. The river rat bites you.
The rat barely misses you.
You hit the river rat but do no damage. The river rat bites you!
The rat bites you but does no damage. The river rat barely misses you.
You hit the river rat but do no damage. The rat barely misses you.
The river rat bites you.
You closely miss the river rat.
You hear the slow rusting of a drain very nearby.
The rat bites you but does no damage.
The river rat bites you but does no damage.
You closely miss the river rat. The rat barely misses you.
The river rat bites you!
You closely miss the river rat. The rat bites you but does no damage.
The river rat bites you.
You closely miss the river rat. The rat barely misses you.
The river rat bites you!
* * * LOW HITPOINT WARNING * * *
You hit the river rat but do no damage. The rat bites you.
* * * LOW HITPOINT WARNING * * *
The river rat bites you but does no damage.
The rat bites you but does no damage.
You fail to use your ability.
The river rat bites you but does no damage.
The rat bites you but does no damage.
You sock the river rat!
The river rat is severely wounded.
The river rat closely misses you. The rat closely misses you.
The river rat bites you.
You die...

'~~.. ~
#~~~.* *
#'#~...
~~~~~..
~.~~...##
~.......#
......†.# *
#r### #r@.#
###.# #.#
#.##########
#.)........#
#..........#
#..........#
#..........#
#..........#


You could see a river rat and a rat.

Vanquished Creatures
  Natasha (D:2)
  3 orcs (D:2)
  2 endoplasms
  A giant cockroach (D:3)
  2 hobgoblins
  8 ball pythons (D:3)
  2 bats (D:3)
  3 goblins
  2 kobolds
24 creatures vanquished.

Notes
Turn   | Place    | Note
-------+----------+-------------------------------------------
     0 | D:1      | greasedhog the Meteoran Berserker began the quest for the
                  | Orb.
     0 | D:1      | Reached XP level 1. HP: 19/19 MP: 2/2
   156 | D:1      | Found a faded altar of an unknown god.
   218 | D:2      | Reached XP level 2. HP: 26/26 MP: 3/3
   348 | D:3      | Reached XP level 3. HP: 33/33 MP: 4/4
   372 | D:2      | Noticed Natasha
   379 | D:2      | Killed Natasha
   380 | D:2      | Reached skill level 5 in Maces & Flails
   380 | D:2      | Reached XP level 4. HP: 27/40 MP: 5/5
   408 | D:3      | Identified the +1 robe "Gacoses" {Fly rElec Will+ Str+5}
   471 | D:3      | Slain by a river rat

Illustrated notes

Levels and vault maps discovered:
D:1:      dpeg_arrival_circle_labyrinth_c, layout_basic,
          dreamdust_ecumenical_altar_statues, serial_shops, shop
D:2:      layout_basic, uniq_natasha
D:3:      layout_rooms, portal_sewer_entry_e,
          nicolae_concentric_dashed_squares_wild, hex_tiny

Skill      XL: |  1  2  3 |
---------------+----------+-----
Fighting       | 4 |  4.3
Maces & Flails | 5 |  5.2
Armour         | |  2.4
Dodging        | |  2.4

Action                   |  1- 3 |  4- 6 || total
-------------------------+-------+-------++-------
Melee: Flail             |    37 |    40 ||    77
       Mace              |     4 |       ||     4
  Use: Scroll            |     2 |       ||     2
Armor: Ring mail         |    22 |    23 ||    45
Dodge: Dodged            |    19 |    30 ||    49
